Map: 2000 Atmospheres LE

Players

HeroMarine - Winner!

  • Race: Terran Terran

herO

  • Race: Protoss Protoss

Event: ASUS ROG Fall 2021

VOD

Have the link to the VOD?

Description

Time

  • Played on: Sept. 17, 2021, 8:44 a.m.
  • Length: 11:24

All games in this series

Show
View Real Time Build Order
Export as new Build Order

HeroMarine Terran - Winner!

Build Orders:  

Get SALT Encoding   

  12  0:00  SCV  
  13  0:12  SCV  
  14  0:17  Supply Depot  
  14  0:24  SCV  
  15  0:39  SCV  
  15  0:40  Barracks  
  16  0:45  Refinery  
  16  0:51  SCV  
  16  0:55  Refinery  
  17  1:03  SCV  
  18  1:15  SCV  
  19  1:27  Reaper, Orbital Command  
  20  1:38  Supply Depot  
  20  1:46  Factory  
  20  1:55  Bunker, SCV  
  20  2:00  Reaper  
  22  2:07  SCV  
  23  2:19  SCV  
  23  2:30  Factory Reactor  
  23  2:31  SCV  
  23  2:37  Command Center  
  24  2:43  SCV  
  25  2:46  Starport  
  25  2:55  SCV  
  26  3:07  Widow Mine  
  26  3:08  SCV, Widow Mine  
  26  3:11  Bunker  
  31  3:20  Supply Depot  
  31  3:35  Barracks  
  31  3:41  Widow Mine x2, SCV, Medivac  
  31  3:44  Refinery  
  38  3:48  Orbital Command  
  38  3:53  SCV, Barracks Tech Lab  
  39  4:05  SCV  
  40  4:12  Starport Tech Lab  
  40  4:15  SCV  
  40  4:17  Marine, Siege Tank  
  44  4:18  Marine, SCV  
  44  4:22  Engineering Bay  
  47  4:24  Barracks Tech Lab  
  47  4:29  SCV  
  47  4:30  SCV  
  49  4:31  Raven  
  49  4:35  Marine  
  49  4:36  Marine  
  53  4:39  Supply Depot  
  53  4:49  Barracks  
  53  4:50  SCV  
  53  4:51  SCV  
  54  5:00  Marine x2  
  54  5:01  Marine  
  54  5:02  SCV, Stimpack  
  54  5:03  SCV  
  54  5:06  Siege Tank  
  60  5:10  Terran Infantry Weapons Level 1  
  60  5:15  SCV  
  60  5:17  Supply Depot  
  60  5:20  SCV  
  62  5:25  Starport Reactor  
  62  5:31  Refinery  
  62  5:38  SCV x2, Siege Tank  
  62  5:42  Supply Depot  
  70  5:46  Supply Depot  
  70  5:49  Combat Shield  
  69  5:50  SCV x2  
  68  6:00  Command Center  
  68  6:02  Medivac  
  68  6:03  Medivac  
  68  6:04  SCV  
  73  6:06  Supply Depot  
  73  6:08  SCV  
  74  6:14  Marine x4  
  78  6:19  SCV  
  78  6:20  SCV  
  80  6:31  SCV  
  80  6:32  SCV  
  82  6:33  Barracks  
  82  6:34  Barracks, Marauder x2  
  82  6:39  Marine x2  
  87  6:40  Supply Depot  
  87  6:41  Factory Reactor  
  87  6:50  Medivac  
  87  6:51  Medivac  
  91  6:55  Marauder  
  91  6:58  Marine  
  94  7:01  Marine  
  94  7:02  Marauder  
  94  7:03  Supply Depot  
  94  7:04  SCV, Ghost Academy  
  94  7:05  SCV  
  99  7:09  Terran Infantry Armor Level 1, Supply Depot  
  99  7:11  Concussive Shells  
  99  7:16  SCV, Orbital Command  
  99  7:18  SCV  
  105  7:25  Marauder  
  105  7:26  Barracks Reactor  
  105  7:29  SCV  
  107  7:30  SCV  
  107  7:32  Marauder  
  107  7:34  Marauder  
  108  7:37  Viking, Orbital Command  
  108  7:40  Viking  
  108  7:43  SCV x2  
  114  7:46  Factory Tech Lab  
  114  7:50  Marauder  
  116  7:53  Marauder  
  116  7:55  SCV  
  116  7:56  SCV  
  116  7:57  Missile Turret  
  120  7:59  Marauder  
  120  8:03  Marine  
  120  8:04  Marine x3  
  126  8:08  Siege Tank  
  126  8:09  Viking  
  126  8:12  Supply Depot  
  131  8:17  Viking  
  131  8:19  Marauder x2  
  133  8:23  Marine x2  
  133  8:25  Refinery  
  133  8:27  Refinery, Supply Depot  
  135  8:34  SCV x3  
  135  8:36  Enhanced Shockwaves  
  135  8:37  Supply Depot  
  135  8:40  Viking  
  138  8:47  SCV  
  141  8:49  Viking, SCV x2  
  141  8:51  Ghost  
  141  8:52  Ghost  
  147  8:56  Ghost  
  147  8:59  SCV  
  147  9:01  SCV  
  152  9:04  Bunker  
  141  9:13  Viking  
  130  9:19  Viking  
  130  9:20  Marauder  
  130  9:21  Marauder  
  117  9:25  Marauder  
  117  9:26  Orbital Command  
  117  9:27  Marine x3  
  117  9:30  Marine  
  93  9:42  Marauder x2  
  93  9:44  Marine, Liberator  
  93  9:45  Marine x2  
  99  9:46  Marine  
  99  9:49  Liberator  
  99  9:51  Marine  
  105  9:54  Siege Tank  
  106  10:02  Marine x2  
  106  10:03  Marauder  
  106  10:04  Marine, Marauder  
  106  10:06  Marauder  
  115  10:09  Marine, SCV  
  115  10:10  SCV  
  115  10:12  SCV  
  119  10:20  Marine x2  
  119  10:22  Marine  
  119  10:24  Marauder  
  119  10:25  Marauder  
  119  10:27  Marine x2  
  123  10:31  Liberator  
  123  10:32  Liberator  
  127  10:38  Marine x2  
  127  10:39  Marine  
  127  10:41  Widow Mine  
  132  10:45  Marine x2  
  132  10:46  Marine, Marauder  
  137  10:56  Marine x2  
  139  10:57  Marine  
  139  11:03  Marauder  
  145  11:05  Marine  
Show
View Real Time Build Order
Export as new Build Order

herO Protoss 

Build Orders: 1 Gate Expand 

Get SALT Encoding   

  12  0:00  Probe  
  13  0:12  Probe  
  14  0:17  Pylon  
  14  0:24  Probe  
  15  0:35  Gateway  
  15  0:36  Probe (Chrono Boost)  
  15  0:42  Assimilator  
  16  0:48  Probe (Chrono Boost)  
  17  0:52  Probe (Chrono Boost)  
  18  1:03  Probe  
  19  1:15  Probe  
  20  1:22  Cybernetics Core  
  20  1:31  Nexus  
  20  1:37  Pylon  
  20  1:42  Assimilator  
  20  1:45  Probe  
  21  1:55  Stalker (Chrono Boost)  
  21  1:59  Warp Gate  
  23  2:04  Shield Battery  
  23  2:06  Probe  
  23  2:18  Stalker  
  23  2:21  Probe  
  25  2:34  Probe  
  26  2:45  Robotics Facility, Probe (Chrono Boost)  
  26  2:46  Probe (Chrono Boost)  
  28  2:52  Stalker  
  28  2:57  Probe (Chrono Boost)  
  32  2:59  Probe (Chrono Boost)  
  32  3:02  Probe (Chrono Boost)  
  32  3:04  Probe (Chrono Boost)  
  33  3:12  Probe  
  35  3:15  Probe  
  35  3:19  Gateway  
  36  3:24  Sentry  
  36  3:27  Gateway  
  38  3:30  Probe  
  38  3:31  Probe  
  38  3:32  Observer (Chrono Boost)  
  41  3:37  Pylon  
  41  3:42  Probe  
  41  3:43  Probe  
  41  3:46  Observer  
  44  3:49  Pylon  
  44  3:54  Probe  
  45  3:56  Probe  
  45  3:58  Stalker  
  45  4:01  Assimilator  
  48  4:03  Assimilator  
  48  4:07  Observer  
  48  4:09  Probe (Chrono Boost)  
  50  4:11  Probe (Chrono Boost)  
  50  4:14  Pylon  
  51  4:24  Probe (Chrono Boost)  
  53  4:25  Stalker x2  
  53  4:26  Probe (Chrono Boost)  
  53  4:29  Probe (Chrono Boost)  
  58  4:32  Probe (Chrono Boost)  
  58  4:33  Stalker  
  58  4:38  Probe  
  62  4:41  Pylon  
  62  4:44  Probe  
  63  4:50  Probe  
  64  4:56  Probe  
  58  5:02  Probe  
  59  5:07  Robotics Bay  
  59  5:08  Probe  
  59  5:09  Twilight Council  
  59  5:13  Immortal (Chrono Boost)  
  60  5:14  Probe  
  65  5:22  Probe  
  65  5:26  Probe  
  67  5:32  Gateway  
  67  5:34  Gateway  
  67  5:35  Pylon  
  67  5:42  Warp Prism (Chrono Boost)  
  69  5:52  Sentry x2, Zealot  
  69  5:55  Extended Thermal Lance  
  75  5:59  Charge  
  75  6:09  Colossus (Chrono Boost)  
  81  6:18  Stalker  
  83  6:26  Nexus  
  83  6:28  Pylon  
  83  6:30  Stalker  
  85  6:33  Observer  
  85  6:34  Observer  
  85  6:42  Gateway  
  85  6:43  Gateway  
  85  6:49  Gateway  
  85  6:51  Templar Archives  
  85  6:57  Colossus (Chrono Boost)  
  91  7:07  Zealot  
  93  7:11  Pylon  
  93  7:12  Pylon  
  93  7:20  Pylon  
  93  7:26  Observer  
  93  7:35  Observer  
  93  7:36  High Templar x2  
  97  7:37  Zealot x3  
  103  7:44  Zealot x2  
  103  7:46  Immortal (Chrono Boost)  
  111  7:52  Zealot  
  113  7:58  High Templar  
  113  7:59  Zealot x2  
  119  8:06  Zealot x2  
  119  8:08  Pylon  
  119  8:11  Pylon  
  123  8:14  Zealot x2, Archon  
  127  8:27  High Templar x2, Zealot x3  
  127  8:32  Archon  
  134  8:43  Zealot x3  
  134  8:48  Blink  
  138  8:54  Zealot x3  
  144  8:56  Pylon  
  144  9:09  Zealot x4  
  136  9:15  Zealot x2  
  136  9:16  Zealot  
  114  9:24  Zealot  
  86  9:34  Disruptor (Chrono Boost)  
  67  9:42  Observer  
  51  9:48  Probe x3 (Chrono Boost)  
  51  9:50  Shield Battery  
  51  9:52  Zealot x4  
  62  9:57  High Templar x4  
  62  9:58  Probe x2 (Chrono Boost)  
  62  9:59  Probe (Chrono Boost)  
  72  10:01  Archon x2  
  72  10:02  Disruptor (Chrono Boost)  
  72  10:05  Probe  
  77  10:09  Probe x2  
  79  10:18  Zealot x3  
  83  10:28  Disruptor (Chrono Boost)  
  81  10:35  Probe x3  
  81  10:37  Stalker x2  
  81  10:38  Stalker  
  87  10:44  Zealot x2  
  90  10:53  Robotics Facility  
  90  10:54  Disruptor (Chrono Boost)  
  93  11:00  Zealot  
  93  11:01  Zealot x3  
Tags
 
Add a new tag
Caveats
  • Supply blocks, unpowered buildings, or Contaminate may cause inaccurate times.
  • Supply counts are checked every 10 seconds.